 Dungeon Crawl Stone Soup version 0.19.1 (webtiles) character file.

763 CanadianGator the Covered (level 7, -5/61 HPs)
             Began as a Minotaur Fighter on Nov 28, 2016.
             Was a Follower of Yredelemnul.
             Killed by divine providence
             ... invoked by an orc priest
              (9 damage)
             ... on level 6 of the Dungeon.
             The game lasted 00:08:51 (3812 turns).

CanadianGator the Covered (Minotaur Fighter)        Turns: 3812, Time: 00:08:52

Health: -5/61      AC: 15    Str: 21    XL:     7   Next: 51%
Magic:  7/7        EV:  7    Int:  5    God:    Yredelemnul [*.....]
Gold:   236        SH:  0    Dex: 11    Spells: 0 memorised, 6 levels left

rFire  . . .     SeeInvis .     t - +4 quarterstaff (chaos)
rCold  . . .     Gourm    .     n - +0 plate armour
rNeg   . . .     Faith    .     (shield currently unavailable)
rPois  .         Spirit   .     (helmet restricted)
rElec  .         Reflect  .     u - +2 cloak {+Inv}
rCorr  .         Harm     .     (no gloves)
MR     .....                    (no boots)
Stlth  ..........               (no amulet)
                                (no ring)
                                (no ring)

@: no status effects
A: retaliatory headbutt, horns 2
a: Animate Remains, Renounce Religion, Evoke Invisibility


You were on level 6 of the Dungeon.
You worshipped Yredelemnul.
Yredelemnul was aware of your devotion.
You were not hungry.

You visited 2 branches of the dungeon, and saw 7 of its levels.

You collected 236 gold pieces.

Inventory:

Hand Weapons
 a - a cursed -3 spear
 t - a +4 quarterstaff of chaos (weapon)
 v - a +1 halberd of protection
Armour
 b - a +0 scale mail
 c - a +0 shield
 n - a +0 plate armour (worn)
 u - a +2 cloak of invisibility (worn)
Wands
 w - a wand of heal wounds (3/9)
Scrolls
 e - 4 scrolls of teleportation {unknown}
 h - 2 scrolls of noise {unknown}
 j - 2 scrolls of fog
 l - a scroll of remove curse {unknown}
 m - 2 scrolls of enchant armour {unknown}
 q - a scroll of magic mapping {unknown}
 y - a scroll of enchant weapon {unknown}
 A - 2 scrolls of immolation {unknown}
Potions
 d - a potion of might
 k - 2 potions of lignification
 o - a potion of invisibility
 p - 3 potions of ambrosia
 s - a potion of heal wounds {unknown}
 x - a potion of brilliance {unknown}
 z - a potion of magic {unknown}
Comestibles
 f - 4 bread rations
 g - 2 meat rations
 i - a slice of pizza
 r - 2 beef jerkies
 B - a royal jelly


   Skills:
 + Level 5.3 Fighting
 + Level 5.3(5.7) Polearms
 + Level 2.6(4.4) Staves
 + Level 5.7 Armour
 + Level 3.1 Dodging
 - Level 0.1 Stealth
 + Level 5.0 Shields
 + Level 1.7 Invocations


You had 6 spell levels left.
You didn't know any spells.

Dungeon Overview and Level Annotations

Branches:
Dungeon (6/15)             Temple (1/1) D:4

Altars:
Ashenzari
Cheibriados
Dithmenos
Elyvilon
Fedhas
Hepliaklqana
Kikubaaqudgha
Makhleb
Nemelex Xobeh
Okawaru
Qazlal
Sif Muna
Trog
Uskayaw
Vehumet
Xom
Yredelemnul
The Shining One


Innate Abilities, Weirdness & Mutations

You reflexively headbutt those who attack you in melee.
You have a pair of horns on your head.


Message History

You headbutt the orc warrior.
The orc priest mumbles some strange prayers to Beogh against you.
Beogh smites you! The orc hits you but does no damage.
The orc priest invokes the aid of Beogh against you.
Pain shoots through your body!
* * * LOW HITPOINT WARNING * * *
The orc suddenly grunts.
Okay, then.
The orc priest calls upon Beogh to heal the orc warrior.
The orc warrior's wounds heal themselves!
The orc hits you but does no damage.
There is an open door here.
The orc priest mumbles some strange prayers to Beogh against you.
Beogh smites you!
* * * LOW HITPOINT WARNING * * *
The orc priest looks braver for a moment.
The orc priest calls down the wrath of Beogh upon you.
Beogh smites you!
You die...
Your body rises from the dead as a mindless zombie.

..........#.......#
###.#.#...#.......#
#.................#
#.#...#.###.......#
#.#####...........###
#...................#
##....#.####'###....#
.+......#..#.# #....#
##....#.#....# #@...#
##....###.#### #o####
#########.## #.#
####...†...# #o#
...........# #.#
...........#####o####
......###......oo...#
####### #####.......#
#.......#


You could see an orc warrior, 2 orc priests and 2 orcs.

Vanquished Creatures
  An ice beast (D:5)
  An ogre (D:6)
  A necrophage (D:6)
  Blork the orc (D:6)
  A scorpion (D:3)
  2 crimson imps (D:5)
  A hound (D:6)
  Crazy Yiuf (D:3)
  Jessica (D:3)
  Terence (D:2)
  8 gnolls
  A howler monkey skeleton (D:5)
  3 adders
  A shadow imp (D:6)
  An adder zombie (D:5)
  An adder skeleton (D:4)
  A dart slug (D:3)
  2 leopard geckos
  11 orcs (D:4)
  4 giant cockroaches
  3 hobgoblins
  4 jackals (D:5)
  2 quokkas
  A ball python (D:3)
  10 bats
  5 frilled lizards
  7 goblins
  4 kobolds
  5 rats
  A plant (D:1)
86 creatures vanquished.

Notes
Turn   | Place    | Note
-------+----------+-------------------------------------------
     0 | D:1      | CanadianGator the Minotaur Fighter began the quest for the Orb.
     0 | D:1      | Reached XP level 1. HP: 19/19 MP: 0/0
   151 | D:1      | Reached XP level 2. HP: 27/27 MP: 1/1
   781 | D:2      | Reached XP level 3. HP: 33/33 MP: 2/2
  1305 | D:2      | Noticed Terence
  1317 | D:2      | Killed Terence
  1317 | D:2      | Reached skill level 1 in Dodging
  1322 | D:2      | Reached XP level 4. HP: 32/40 MP: 3/3
  1491 | D:3      | Found a shadowy altar of Dithmenos.
  1516 | D:3      | Found a glowing golden altar of the Shining One.
  1638 | D:3      | Noticed Jessica
  1641 | D:3      | Killed Jessica
  1641 | D:3      | Reached skill level 5 in Armour
  1641 | D:3      | Reached XP level 5. HP: 31/47 MP: 4/4
  1792 | D:3      | Found a stormy altar of Qazlal.
  1792 | D:3      | Found a radiant altar of Vehumet.
  1793 | D:3      | Found a hide-covered altar of Uskayaw.
  1793 | D:3      | Found a white marble altar of Elyvilon.
  1886 | D:3      | Found a runed door.
  1890 | D:3      | Noticed Crazy Yiuf
  1894 | D:3      | Killed Crazy Yiuf
  2099 | D:4      | Found a staircase to the Ecumenical Temple.
  2207 | Temple   | Entered the Ecumenical Temple
  2333 | Temple   | Became a worshipper of Yredelemnul the Dark
  2409 | D:4      | Reached skill level 1 in Staves
  2579 | D:5      | Entered Level 5 of the Dungeon
  2585 | D:5      | Reached XP level 6. HP: 51/53 MP: 5/5
  2611 | D:5      | Found a sparkling altar of Nemelex Xobeh.
  2924 | D:5      | Noticed an ice beast
  2930 | D:5      | Killed an ice beast
  2930 | D:5      | Reached skill level 1 in Invocations
  3024 | D:5      | Found a snail-covered altar of Cheibriados.
  3031 | D:5      | Found a deep blue altar of Sif Muna.
  3134 | D:5      | Reached skill level 5 in Fighting
  3406 | D:6      | Noticed Blork the orc
  3434 | D:6      | Killed Blork the orc
  3434 | D:6      | Reached skill level 5 in Polearms
  3434 | D:6      | Reached XP level 7. HP: 41/61 MP: 6/6
  3765 | D:6      | Reached * piety under Yredelemnul
  3765 | D:6      | Reached skill level 5 in Shields
  3808 | D:6      | HP: 3/61 [orc priest/divine providence (11)]
  3812 | D:6      | Killed from afar by an orc priest

Skill      XL: |  1  2  3  4  5  6  7 |
---------------+----------------------+-----
Armour         | 4 5 |  5.7
Polearms       | 3 4 5 |  5.3
Fighting       | 4 5 |  5.3
Dodging        | 1 2 3 |  3.1
Staves         | 1 2 |  2.6
Shields        | 4 5 |  5.0
Invocations    | 1 |  1.7
Stealth        | |  0.1

Action                   |  1- 3 |  4- 6 |  7- 9 || total
-------------------------+-------+-------+-------++-------
Melee: Trident           |    99 |    57 |       ||   156
       Headbutt          |    12 |    17 |     8 ||    37
       Quarterstaff      |       |    80 |    28 ||   108
  Use: Scroll            |       |     5 |     1 ||     6
       Potion            |       |     1 |       ||     1
  Eat: Chunk             |       |     7 |     2 ||     9
Armor: Scale mail        |    20 |       |       ||    20
       Plate armour      |     8 |    90 |    20 ||   118
Dodge: Dodged            |    14 |    44 |    10 ||    68
Block: Shield            |    32 |    17 |       ||    49
